 Dungeon Crawl Stone Soup version 0.17.0-57-g0e89251 (webtiles) character file.

71 plasmid the Sneak (level 4, -3/22 HPs)
             Began as a Spriggan Assassin on Dec 8, 2015.
             Killed from afar by Sigmund (24 damage)
             ... with an exploding inner flame
             ... hexed by the player character
             ... on level 2 of the Dungeon.
             The game lasted 00:12:39 (1531 turns).

plasmid the Sneak (Spriggan Assassin)               Turns: 1531, Time: 00:12:40

Health: -3/22      AC: 12    Str:  7    XL:     4   Next: 5%
Magic:  5/5        EV: 22    Int: 12    God:
Gold:   175        SH:  0    Dex: 18    Spells: 0 memorised, 3 levels left

rFire  . . .     SeeInvis +     (weapon currently unavailable)
rCold  . . .     Clarity  .     (armour currently unavailable)
rNeg   + + +     SustAt   .     (shield currently unavailable)
rPois  +         Gourm    .     (helmet restricted)
rElec  .         Spirit   .     (cloak currently unavailable)
rCorr  .         Warding  .     (gloves unavailable)
rMut   .         Stasis   .     (boots unavailable)
MR     .....                    (no amulet)
Stlth  ++++++....               (no ring)
                                (no ring)

@: fungus-form, very slightly contaminated, hasted, very quick, not resistant to
hostile enchantments, very stealthy
A: unfitting armour, see invisible, herbivore 3, (speed 0), slow metabolism 2
a: no special abilities


You were on level 2 of the Dungeon.
You were not hungry.
You were a sentient fungus.
You visited 1 branch of the dungeon, and saw 2 of its levels.

You collected 175 gold pieces.

Inventory:

Hand Weapons
 a - a +2 dagger (melded)
 b - a +0 blowgun
 l - a +0 short sword
 m - a +0 club
 q - a +0 dagger
Missiles
 e - 8 poisoned needles (quivered)
 f - 2 curare-tipped needles
 n - 12 stones
 o - 12 sling bullets
 t - 16 arrows
Armour
 c - a +0 robe (melded)
 d - a +0 cloak (melded)
 j - a cursed +0 leather armour
 k - a +0 buckler
 p - a +0 shield
 u - a +0 pair of boots
Magical Staves
 i - an uncursed staff of cold {unknown}
Potions
 h - a potion of curing
Comestibles
 g - a bread ration


   Skills:
 - Level 1.5 Fighting
 - Level 2.1 Short Blades
 - Level 2.0 Throwing
 + Level 4.1 Dodging
 + Level 7.3 Stealth


You had 3 spell levels left.
You didn't know any spells.

Dungeon Overview and Level Annotations

Branches:
Dungeon (2/15)

Altars:


Innate Abilities, Weirdness & Mutations

You are tiny and cannot use many weapons and most armour.
You have supernaturally acute eyesight.
You are a herbivore.
((You cover ground extremely quickly.))
You need consume almost no food.


Message History

As you read the scroll labeled PUCHEA QAQU, it crumbles to dust.
The creatures around you are filled with an inner flame!
It was a scroll of immolation.
Really attack barehanded? [Y]es or [N]o only, please.
Really attack barehanded?
You release spores at Sigmund.
Sigmund appears confused.
Sigmund is lightly wounded.
You release spores at Sigmund.
Sigmund appears confused.
Sigmund is moderately wounded.
You release spores at Sigmund.
Sigmund appears confused.
Sigmund is heavily wounded.
Sigmund zaps a wand.
You release spores at Sigmund.
Sigmund is severely wounded.
You release spores at Sigmund!
Sigmund explodes!
The fiery explosion engulfs you!
Ouch! That really hurt!
You die...

+.........# #.........
#........# #........#
#........####
#...........###
#####..(###§#.#
##########..####§#.##
.............>##f...#
...........#..####.##
...........#..# #.####
...........#..####....#
...........'.......##.#
...........#..####.##.#
...........#..# #.##.#
..........>#..# #.##.#
...........#..# #.##.#


There were no monsters in sight!

Vanquished Creatures
  Ijyb (D:2)
  2 adders (D:2)
  A giant cockroach (D:1)
  3 goblins (D:1)
  6 hobgoblins
  3 jackals (D:1)
  2 bats (D:1)
  A giant newt (D:2)
  A kobold (D:1)
  3 rats
  A fungus (D:1)
24 creatures vanquished.

Notes
Turn   | Place    | Note
--------------------------------------------------------------
     0 | D:1      | plasmid the Spriggan Assassin began the quest for the Orb.
     0 | D:1      | Reached XP level 1. HP: 10/10 MP: 2/2
    53 | D:1      | Reached skill level 6 in Stealth
   152 | D:1      | Reached XP level 2. HP: 11/14 MP: 3/3
  1013 | D:2      | Noticed Sigmund
  1039 | D:2      | Noticed Ijyb
  1050 | D:2      | Killed Ijyb
  1050 | D:2      | Reached skill level 7 in Stealth
  1050 | D:2      | Reached XP level 3. HP: 18/18 MP: 4/4
  1126 | D:2      | Reached XP level 4. HP: 12/22 MP: 5/5
  1531 | D:2      | Killed Sigmund
  1531 | D:2      | Killed from afar by Sigmund

Action                   |  1- 3 |  4- 6 || total
-------------------------+-------+-------++-------
Melee: Dagger            |    95 |    11 ||   106
       Unarmed           |       |     5 ||     5
  Use: Potion            |     2 |     2 ||     4
       Scroll            |       |     2 ||     2
 Stab: Sleeping          |     4 |     1 ||     5
